 Dungeon Crawl Stone Soup version 0.21.0-24-g2553a33 (webtiles) character file.

101 Mgcat the Chopper (level 4, -3/33 HPs)
             Began as a Demonspawn Gladiator on Jan 19, 2018.
             Slain by a gnoll
             ... wielding a +0 halberd
              (14 damage)
             ... on level 3 of the Dungeon.
             The game lasted 00:05:17 (1917 turns).

Mgcat the Chopper (Demonspawn Gladiator)            Turns: 1917, Time: 00:05:18

Health: -3/33      AC: 11    Str: 14 (15) XL:     4   Next: 48%
Magic:  4/4        EV:  4    Int:  8 (9)  God:
Gold:   106        SH:  0    Dex: 14 (15) Spells: 3/3 levels left

rFire    + . .     SeeInvis .   a - +0 war axe
rCold    . . .     Gourm    .   (no shield)
rNeg     . . .     Faith    .   h - +0 plate armour
rPois    .         Spirit   .   q - +1 hat
rElec    .         Reflect  .   (no cloak)
rCorr    .         Harm     .   (no gloves)
MR       .....                  (no boots)
Stlth    ..........             (no amulet)
HPRegen  0.11/turn              (no ring)
MPRegen  0.09/turn              (no ring)

@: no status effects
A: claws 1, fire resistance 1, flame cloud immunity
a: no special abilities


You were on level 3 of the Dungeon.
You were hungry.

You visited 1 branch of the dungeon, and saw 3 of its levels.

You collected 106 gold pieces.

Inventory:

Hand Weapons
 a - a +0 war axe (weapon)
Missiles
 d - 3 throwing nets (quivered)
Armour
 c - a +0 helmet
 h - a +0 plate armour (worn)
 q - a +1 hat (worn)
Jewellery
 o - an uncursed amulet of harm {unknown}
Wands
 l - a wand of paralysis (18)
Scrolls
 e - a scroll of teleportation {unknown}
 g - 3 scrolls of remove curse {unknown}
 k - a scroll of blinking {unknown}
 n - a scroll of identify {unknown}
 p - 2 scrolls of fog {unknown}
Potions
 i - a potion of berserk rage {unknown}
Comestibles
 b - 9 chunks of flesh
 f - 6 rations


   Skills:
 - Level 2.0 Fighting
 + Level 4.8 Axes
 - Level 1.7 Throwing
 - Level 2.6 Dodging


You had 3 spell levels left.
You didn't know any spells.

Dungeon Overview and Level Annotations

Branches:
Dungeon (3/15)

Altars:
Elyvilon
Sif Muna


Innate Abilities, Weirdness & Mutations

You have sharp fingernails.
Your flesh is heat resistant. (rF+)
You are immune to clouds of flame.


Message History

The gnoll barely misses you. The gnoll hits you with a spear.
The gnoll hits you but does no damage.
You closely miss the gnoll. The gnoll completely misses you.
The gnoll hits you but does no damage. The gnoll barely misses you.
You hit the gnoll.
The gnoll is moderately wounded.
The gnoll hits you but does no damage.
The gnoll hits you from afar with a halberd!
The gnoll hits you but does no damage.
You hit the gnoll.
The gnoll is moderately wounded.
The gnoll hits you from afar with a spear of freezing.
The gnoll freezes you. The gnoll barely misses you.
The gnoll hits you but does no damage. x2
Your plate armour prevents you from hitting the gnoll.
The gnoll is moderately wounded.
The gnoll hits you but does no damage. The gnoll barely misses you.
The gnoll hits you but does no damage.
The gnoll hits you from afar with a halberd!
You die...

###############
####...##......... ..
#......##..........###
..####.....................
.!.......#.................
........g#.................
........gg@....[...........
........g#####.............
.........##................
.........##................
.........##.........##.[...
.........######........#...
.............##........#...
.<.......=...##........#...
'##....?.....##........##..


You could see 4 gnolls.

Vanquished Creatures
  5 adders
  A worm (D:2)
  2 dart slugs
  3 leopard geckos
  6 bats
  2 giant cockroaches (D:2)
  4 goblins
  3 hobgoblins
  4 jackals (D:2)
  A quokka (D:2)
  A ball python (D:3)
  2 frilled lizards
  4 kobolds
  11 rats
49 creatures vanquished.

Notes
Turn   | Place    | Note
-------+----------+-------------------------------------------
     0 | D:1      | Mgcat the Demonspawn Gladiator began the quest for the Orb.
     0 | D:1      | Reached XP level 1. HP: 16/16 MP: 1/1
   152 | D:1      | Reached skill level 3 in Axes
   206 | D:1      | Gained mutation: Your flesh is heat resistant. (rF+) [demonic ancestry]
   206 | D:1      | Reached XP level 2. HP: 22/22 MP: 2/2
   368 | D:1      | Found a deep blue altar of Sif Muna.
   646 | D:2      | Reached skill level 4 in Axes
   646 | D:2      | Gained mutation: You have sharp fingernails. [demonic ancestry]
   646 | D:2      | Reached XP level 3. HP: 20/27 MP: 3/3
  1400 | D:2      | Gained mutation: You are immune to clouds of flame. [demonic ancestry]
  1400 | D:2      | Reached XP level 4. HP: 33/33 MP: 4/4
  1722 | D:2      | Found a white marble altar of Elyvilon.
  1722 | D:2      | Found a deep blue altar of Sif Muna.
  1804 | D:3      | Found a faded altar of an unknown god.
  1917 | D:3      | Slain by a gnoll

Skill      XL: |  1  2 |
---------------+-------+-----
Axes           | 3 4 |  4.8
Fighting       | |  2.0
Throwing       | |  1.7
Dodging        | |  2.6

Action                   |  1- 3 |  4- 6 || total
-------------------------+-------+-------++-------
Melee: War axe           |   129 |    56 ||   185
  Use: Potion            |       |     3 ||     3
  Eat: Chunk             |     2 |     1 ||     3
Armor: Plate armour      |   149 |    55 ||   204
       Leather armour    |     1 |       ||     1
Dodge: Dodged            |    45 |    32 ||    77
